[Event "*** Titled Tuesday Blitz"]
[Site "Chess.com"]
[Date "2021.04.06"]
[Round "1"]
[White "2nd_life"]
[Black "fighter2jz"]
[Result "0-1"]
[WhiteElo "2412"]
[BlackElo "2767"]
[TimeControl "180+1"]
[EndTime "10:09:01 PDT"]
[Termination "fighter2jz won on time"]

1. e4 c5 2. Nf3 d6 3. d4 cxd4 4. Nxd4 Nf6 5. Nc3 a6 6. Be3 e5 7. Nb3 Be6 8. Qd2 Nbd7 9. f3 h5 10.
Be2 Rc8 11. Nd5 Nxd5 12. exd5 Bf5 13. c4 Be7 14. Na5 Qc7 15. b4 h4 16. Rc1 Bg6 17. O-O O-O 18. Rfd1 b6 19. Nc6 Bf6 20. Bd3 Bxd3 21.
Qxd3 Nb8 22. b5 a5 23. a4 Nd7 24. Qf5 g6 25. Qg4 Kg7 26. Rf1 Rce8 27. Rce1 Bd8 28.
Bc1 f5 29. Qh3 Bf6 30. f4 e4 31. Be3 Rh8 32. Rc1 Nc5 33. Bxc5 dxc5 34. Rcd1 Qd6 35.
Qe3 h3 36. g3 Rhf8 37. Rfe1 Rh8 38. Kf1 Kf7 39. Ke2 Rhg8 40. Rg1 g5 41. Rdf1 g4 42.
Rd1 Rc8 43. Kd2 Rge8 44. Kc2 Kg8 45. Rb1 Bg7 46. Rgd1 Rc7 47. Rb3 Rd7 48. Re1 Kh7 49. Rd1 Qf6 50. Re1 Rd6 51. Rd1 Rf8 52. Re1 Rc8 53. Rd1 Rc7 54. Re1 Bh8 55. Rd1 Qf8 56.
Re1 Bf6 57. Rd1 Qg7 58. Re1 Bd4 59. Qe2 Bf6 60. Rd1 Kg6 61. Qe3 Rcd7 62. Re1 Bd4 63.
Qe2 Bf6 64. Rd1 Kh7 65. Re1 Qf8 66. Rd1 Bh8 67. Re1 Qf6 68. Rd1 Bg7 69. Re1 Kg6 70.
Ne5+ Kh7 71. Nxd7 Rxd7 72. d6 Rxd6 73. Rd1 Rd4 74. Kc1 Qe6 75. Rxd4 cxd4 76. Kb1 Qf7 77. Ka2 d3 78. Qe3 Qxc4 79. Qxb6 Qxa4+ 0-1

[Event "*** Titled Tuesday Blitz"]
[Site "Chess.com"]
[Date "2021.04.06"]
[Round "1"]
[White "AsaHoffmann"]
[Black "Shahaliyev"]
[Result "1/2-1/2"]
[WhiteElo "2355"]
[BlackElo "2647"]
[TimeControl "180+1"]
[EndTime "10:09:02 PDT"]
[Termination "Game drawn - insufficient material"]

1. d4 Nf6 2. Bg5 Ne4 3. Bf4 d5 4. f3 Nf6 5. e4 dxe4 6. Nc3 e3 7. Bc4 e6 8. Nge2 a6 9. Bxe3 b5 10. Bb3 Bb7 11. Ng3 Nbd7 12. Qd2 c5 13. dxc5 Bxc5 14. O-O-O Qb6 15. Bxc5 Nxc5 16. Qg5 O-O 17. Nce4 Ncxe4 18. fxe4 Nxe4 19. Nxe4 Bxe4 20. Rhe1 Bg6 21. h4 h6 22. Qg3 Bf5 23. Qf4 Rad8 24. g4 Bh7 25. h5 a5 26. a3 b4 27. a4 Qc5 28. Kb1 Qg5 29.
Qxg5 hxg5 30. Rxd8 Rxd8 31. Re5 Rd1+ 32. Ka2 Rd4 33.
Rxg5 Kf8 34. Rxa5 Rxg4 35. Rb5 Rd4 36. a5 Be4 37. a6 Rd6 38. Ra5 f5 39. a7 Ba8 40.
Bc4 Ke7 41. Kb3 f4 42. Rb5 Rd7 43. Rb6 Rxa7 44. Rxe6+ Kd8 45. Rg6 f3 46. Kxb4 Be4 47. Rd6+ Kc8 48. Rd2 Rc7 49. b3 Kb7 50. Rf2 Kb6 51. Kc3 Kc5 52. b4+ Kd6 53. Kd4 Bb7 54.
c3 Re7 55. Bd3 Re5 56. c4 Rxh5 57. c5+ Kc7 58. b5 Bd5 59. b6+ Kc6 60. Bg6 Rh4+ 61.
Ke5 Kxc5 62. Rc2+ Rc4 63. Rxc4+ Kxc4 64. Bf5 f2 65. Bh3 Kc5 66. Kf5 Kxb6 67. Kf4 Kc5 68.
Ke3 Kd6 69. Kxf2 Ke5 70. Kg3 Be6 71. Bg2 g5 72. Bf3 Kd4 73. Bd1 Ke3 74. Bc2 Bd7 75. Bb3 Ke4 76. Bc4 Ke5 77. Bb3 Be6 78. Bc2 Bf5 79. Bd1 Be6 80. Bc2 Kf6 81. Bd1 Bf5 82.
Be2 g4 83. Bxg4 1/2-1/2

[Event "*** Titled Tuesday Blitz"]
[Site "Chess.com"]
[Date "2021.04.06"]
[Round "1"]
[White "crazy_but_lazy"]
[Black "fearless_guy"]
[Result "0-1"]
[WhiteElo "2418"]
[BlackElo "2783"]
[TimeControl "180+1"]
[EndTime "10:09:03 PDT"]
[Termination "fearless_guy won by resignation"]

1. d4 e6 2. c4 b6 3. Nc3 Bb7 4. Bf4 Bb4 5. Rc1 Nf6 6. e3 Ne4 7. Ne2 g5 8. Be5 f6 9. Bg3 h5 10. f3 h4 11. fxe4 hxg3 12. Nxg3 Qe7 13. a3 Bd6 14. Qf3 f5 15. Nb5 g4 16. Nxd6+ cxd6 17.
Qf4 Nc6 18. Bd3 O-O-O 19. exf5 e5 20. f6 exf4 21. fxe7 Nxe7 22. Ne4 Nf5 23. Kd2 fxe3+ 24. Kc3 Bxe4 25. Bxe4 Nh4 26. Kd3 Rde8 27. Rcf1 e2 28. Re1 d5 29. cxd5 Kc7 30. Rxe2 Kd6 31. g3 Nf3 32. Bxf3 gxf3 33. Rf2 Kxd5 34. Rxf3 Kc6 35. Rc1+ Kb5 36. Rc2 Ka6 37. Rf5 Re6 38. d5 Re1 39. d6 Rd1+ 40. Kc3 Rxd6 41. Kb3 Rd3+ 42. Rc3 Rd2 43.
Rc2 Rxc2 44. Kxc2 Rxh2+ 45. Kc3 Rg2 46. Rg5 Kb7 47. b3 Kc6 48. a4 a5 49. Kc4 d5+ 50. Kc3 Kc5 51. Kd3 Rg1 52. Kc3 Rf1 53. Rg8 Rf3+ 54.
Kc2 Kb4 55. Rg6 Rc3+ 56. Kd2 Rxb3 57. Rxb6+ Kxa4 58. Rxb3 Kxb3 59. g4 a4 60. g5 a3 61. g6 a2 62. g7 a1=Q 63. g8=Q Qd4+ 64. Kc1 Qc4+ 65. Kd1 Qd3+ 66. Ke1 Qc3+ 67. Ke2 Qc2+ 68. Ke3 Qe4+ 69. Kd2 Qd4+ 70. Ke2 Kc3 71. Qc8+ Qc4+ 0-1

[Event "*** Titled Tuesday Blitz"]
[Site "Chess.com"]
[Date "2021.04.06"]
[Round "1"]
[White "prachiti01"]
[Black "Lenyas66"]
[Result "0-1"]
[WhiteElo "2121"]
[BlackElo "2511"]
[TimeControl "180+1"]
[EndTime "10:09:07 PDT"]
[Termination "Lenyas66 won by checkmate"]

1. e4 c5 2. c3 e6 3. d4 d5 4.
exd5 exd5 5. Nf3 Nc6 6. Be2 Bd6 7. dxc5 Bxc5 8. O-O Nge7 9. Nbd2 O-O 10. Nb3 Bb6 11. Nbd4 a6 12. Be3 Re8 13. Qd2 Na5 14. Rad1 Nc4 15.
Bxc4 dxc4 16. Nc2 Qxd2 17. Rxd2 Bc7 18. h3 Nf5 19. Rd5 Be6 20. Rdd1 h6 21. Nfd4 Nxd4 22. Nxd4 Bd7 23. Rd2 Rad8 24. Rfd1 Ba4 25. b3 cxb3 26.
axb3 Bd7 27. b4 f5 28. Nb3 Be6 29. Nc5 Bc8 30. Rxd8 Rxd8 31. Rxd8+ Bxd8 32. Bd4 g5 33. Kf1 Kf7 34. Ke2 Bc7 35. Nd3 Ke6 36. c4 b6 37. c5 b5 38. Bc3 Kd5 39. Nb2 g4 40. h4 h5 41. g3 f4 42. Be1 Bf5 43. Nd3 fxg3 44. fxg3 Kc4 45. Nf4 Bxf4 46. gxf4 a5 47. bxa5 Kxc5 48. Ke3 b4 49. Bd2 Kb5 50. Kd4 g3 51. a6 g2 52. Be3 Kxa6 53. Kc4 Ka5 54. Kb3 Kb5 55. Bd4 Be6+ 56. Kb2 Kc4 57. Bg1 Kd3 58. Ba7 Ke4 59. Bg1 Kxf4 60. Kc1 Kg3 61. Kd2 Kxh4 62. Ke1 Kg3 63. Bd4 Kf3 64. Bc5 b3 65.
Kd2 h4 66. Kc3 h3 67. Kb2 Ke2 68. Bd4 h2 69. Bc5 g1=Q 70. Bxg1 hxg1=Q 71. Kc3 Qc5+ 72. Kb2 Qb4 73. Kb1 Bf5+ 74. Kc1 Qc3# 0-1

[Event "*** Titled Tuesday Blitz"]
[Site "Chess.com"]
[Date "2021.04.06"]
[Round "1"]
[White "c_r_e_e_p_e_r"]
[Black "Korchmar_Vasiliy"]
[Result "1-0"]
[WhiteElo "2379"]
[BlackElo "2659"]
[TimeControl "180+1"]
[EndTime "10:09:13 PDT"]
[Termination "c_r_e_e_p_e_r won on time"]

1. d4 Nf6 2. c4 c6 3. Nc3 d5 4.
Nf3 a6 5. e3 e6 6. Be2 dxc4 7. Bxc4 b5 8. Be2 Nbd7 9. O-O Bb7 10. b3 c5 11. Bb2 Bd6 12. Rc1 O-O 13. dxc5 Nxc5 14. Nd4 b4 15. Nb1 Nfe4 16. Bf3 Qg5 17. Qe2 a5 18. Nd2 Ba6 19. Nc4 Bc7 20. Qc2 Bb7 21. Nd2 Nxd2 22. Qxd2 Bb6 23. Rxc5 Bxc5 24.
Bxb7 Rad8 25. Qe2 Qe7 26. Bf3 Qg5 27. Rc1 Rd6 28. g3 Bb6 29. Bg2 h6 30. h4 Qe7 31.
Nc6 Qd7 32. Qg4 f6 33. Nd4 e5 34. Nf5 Kh8 35. Bh3 Rd2 36. Ba1 Rxa2 37. Qg6 Qf7 38. Qg4 Qd7 39. Qh5 Qf7 40. Qf3 Rd2 41. Rb1 Rd7 42. Nd4 Bxd4 43. Bxd7 Bxa1 44. Rxa1 Qxd7 45.
Rxa5 Qf7 46. Qd5 Qxd5 47. Rxd5 Rb8 48. Rd7 Kg8 49. Kg2 Rc8 50. Rb7 Rc2 51. Rxb4 Rb2 52. Kf3 h5 53. Rb6 Kh7 54. Rb7 Kg6 55. Kg2 e4 56.
Rb4 Kf5 57. Rb5+ Kg6 58. Rb4 Kf5 59. Rb7 g6 60. b4 Rc2 61. b5 Rb2 62. Rb8 g5 63.
hxg5 fxg5 64. b6 Kg4 65. Re8 Rxb6 66. Rxe4+ Kf5 67. Re8 Ra6 68. Rh8 Kg6 69. Rc8 Rb6 70. Rc2 Ra6 71. Re2 Kf5 72. Kf1 Ke4 73. Kg2 Ra5 74.
f3+ Kd3 75. Kf2 h4 76. gxh4 gxh4 77. e4 h3 78. Re1 Rg5 79. Rg1 Rh5 80. Rh1 1-0

[Event "*** Titled Tuesday Blitz"]
[Site "Chess.com"]
[Date "2021.04.06"]
[Round "1"]
[White "vlad_Sid"]
[Black "TC2304"]
[Result "1-0"]
[WhiteElo "2597"]
[BlackElo "2289"]
[TimeControl "180+1"]
[EndTime "10:09:14 PDT"]
[Termination "vlad_Sid won by checkmate"]

1. c4 Nf6 2. g3 c5 3. Bg2 Nc6 4.
Nc3 g6 5. Nf3 Bg7 6. d4 cxd4 7. Nxd4 O-O 8. O-O Qa5 9. Nb3 Qh5 10.
c5 d6 11. cxd6 exd6 12. Bf4 Ng4 13. h3 Nge5 14. e3 Qxd1 15. Rfxd1 Rd8 16. Nb5 Nc4 17.
Rac1 Nxb2 18. Rxd6 Rxd6 19. Nxd6 Nd3 20. Rc2 Nxf4 21. gxf4 Bf8 22. Nxc8 Rxc8 23. Bxc6 bxc6 24. Na5 c5 25. Nc4 Rb8 26. Kf1 Rb1+ 27. Kg2 Kg7 28. Nd2 Rb4 29. Kf3 h5 30. Ne4 Rb5 31. a4 Rb4 32. Ra2 a5 33. Nc3 Rb3 34. Nd5 Rd3 35.
Ke4 Rd1 36. Nb6 Bd6 37. Nc4 Bc7 38. Rc2 f5+ 39. Kf3 Ra1 40. Nb2 Bb6 41. Ke2 Kf6 42. Kd3 Rh1 43. Nc4 Bc7 44. Nd2 Bb6 45. Rb2 Bc7 46.
Rb7 Bd8 47. Rd7 Be7 48. Nc4 Rd1+ 49. Nd2 Ra1 50. Ra7 Rxa4 51. Nc4 Ra2 52. Ra6+ Kg7 53. Ne5 Ra3+ 54. Ke2 Ra2+ 55. Kf3 a4 56. Rxg6+ Kf8 57. Ra6 a3 58. Ra7 Bd6 59. Nc4 Be7 60. Ne5 Bd6 61.
Ng6+ Ke8 62. e4 fxe4+ 63. Kxe4 c4 64. Kd5 Bxf4 65. Nxf4 Rxf2 66. Ne6 Rf3 67. Kd6 Rd3+ 68. Ke5 Rxh3 69. Nf4 Re3+ 70. Kd5 Rf3 71. Ne6 Rf5+ 72. Kd6 Rf1 73. Re7# 1-0

[Event "*** Titled Tuesday Blitz"]
[Site "Chess.com"]
[Date "2021.04.06"]
[Round "1"]
[White "ApacheSVD"]
[Black "superchess02"]
[Result "0-1"]
[WhiteElo "2428"]
[BlackElo "2807"]
[TimeControl "180+1"]
[EndTime "10:09:23 PDT"]
[Termination "superchess02 won by checkmate"]

1. e4 e5 2. Nf3 Nc6 3. Nc3 Nf6 4. a3 d6 5. d4 Bg4 6. Bb5 exd4 7. Qxd4 Qd7 8. Bxc6 Qxc6 9. Bg5 Be7 10. Nd5 Bxf3 11. Bxf6 Bxg2 12. Bxe7 Qxc2 13. Qxg7 Qxe4+ 14. Ne3 Kxe7 15.
Qxg2 Qxg2 16. Nxg2 d5 17. O-O-O Kd6 18. Rhe1 c6 19.
Ne3 Rae8 20. Nf5+ Kd7 21. Kd2 Rhg8 22. Ng3 Re6 23. Re3 Rh6 24. Rde1 Rxh2 25. Re7+ Kd6 26.
R1e2 Rxf2 27. Rxf2 Kxe7 28. Nf5+ Ke6 29. Nd4+ Ke5 30.
Nf3+ Kd6 31. Nd4 c5 32. Nf5+ Ke6 33. Ne3 d4 34. Nf5 b5 35. Nh4 Rg4 36. Nf3 c4 37. Rh2 Rf4 38. Ng5+ Kd5 39. Nxh7 f6 40. Nf8 a5 41. Ng6 Rf3 42. Ne7+ Kd6 43. Nc8+ Kc7 44. Ne7 Kd7 45. Nd5 Kd6 46. Nb6 Kc6 47. Nc8 Rb3 48. Kc2 d3+ 49. Kc1 c3 50. bxc3 Rxc3+ 51. Kd1 Rxa3 52.
Rh6 Kc5 53. Rxf6 Kd4 54. Nb6 b4 55. Rf5 Ra1+ 56. Kd2 Ra2+ 57. Kd1 Kc3 58. Rc5+ Kb3 59. Nd5 Rh2 60. Nf4 a4 61. Nxd3 a3 62. Nc1+ Ka4 63. Rc8 Rh1+ 64. Kc2 Rh2+ 65. Kd1 Kb5 66. Rb8+ Kc4 67.
Rc8+ Kd4 68. Nb3+ Kd3 69. Nc1+ Kd4 70. Nb3+ Ke3 71. Rc4 Rh1+ 72. Kc2 Rh2+ 73. Kb1 Rb2+ 74. Kc1 Rxb3 75. Rc8 Rc3+ 76. Rxc3+ bxc3 77. Kc2 Kd4 78. Kb3 Kd3 79. Kxa3 c2 80. Kb2 Kd2 81. Ka2 c1=Q 82. Kb3 Qc3+ 83. Ka2 Qb4 84. Ka1 Kc2 85. Ka2 Qa4# 0-1

[Event "*** Titled Tuesday Blitz"]
[Site "Chess.com"]
[Date "2021.04.06"]
[Round "1"]
[White "ymoy"]
[Black "Alex-11211"]
[Result "0-1"]
[WhiteElo "2712"]
[BlackElo "2420"]
[TimeControl "180+1"]
[EndTime "10:09:23 PDT"]
[Termination "Alex-11211 won by checkmate"]

1. e4 e5 2. Nf3 Nc6 3. d4 exd4 4.
Bc4 Nf6 5. e5 d5 6. Bb5 Ne4 7.
Nxd4 Bd7 8. Bxc6 bxc6 9. O-O Be7 10. f3 Nc5 11. f4 O-O 12. Be3 Ne4 13. Nd2 c5 14.
Ne2 Nxd2 15. Qxd2 d4 16. Bf2 Bc6 17. c4 Qd7 18. Ng3 f6 19. Rae1 fxe5 20. fxe5 Qe6 21.
Qd3 a5 22. h3 Rf7 23. Nh5 Raf8 24. Bg3 Bg5 25. Kh2 Be3 26. Rxf7 Qxf7 27. Qd1 Be8 28. Rxe3 dxe3 29. Nf4 Qxc4 30. e6 Rxf4 31. Qd8 Qxe6 32.
Bxf4 e2 33. Bg3 e1=Q 34. Bxe1 Qxe1 35. Qd5+ Kf8 36. Qxc5+ Qe7 37. Qf5+ Kg8 38. Qxa5 Qd6+ 39. Kh1 h6 40. Qe1 Bf7 41. a3 Qb6 42. Qe2 Qb3 43. Qd2 Qd5 44. Qe2 Be6 45. b4 Bxh3 46. Qe8+ Kh7 47.
Qe2 Be6 48. Qe3 Qf5 49. Qc3 Bd5 50. Kg1 Qe4 51. Qd2 c6 52. a4 Qb1+ 53. Kh2 Qa1 54. a5 Qe5+ 55. Kg1 Qe4 56. Kh2 Qc4 57. Qb2 Kg8 58. Qa3 Qf4+ 59. Kg1 Qe4 60. Qb2 Kf7 61. a6 Qc4 62. a7 Qa6 63. Qf2+ Kg8 64. Qc5 Kh7 65. Kh2 Qa1 66. Qb6 Qe5+ 67. Kg1 Qe1+ 68. Kh2 Qh4+ 69. Kg1 Qe1+ 70. Kh2 Qa1 71. Qc5 Qe5+ 72.
Kg1 Qe1+ 73. Kh2 Qh4+ 74. Kg1 Qe1+ 75. Kh2 Qa1 76. Qb6 Qa2 77. Qg1 Qa4 78. Kg3 c5 79.
Qxc5 Bc6 80. b5 Qb3+ 81. Kh2 Bb7 82. b6 Qd5 83. Qc7 Qxg2# 0-1

[Event "*** Titled Tuesday Blitz"]
[Site "Chess.com"]
[Date "2021.04.06"]
[Round "1"]
[White "VinzentSpitzl"]
[Black "jacky72"]
[Result "0-1"]
[WhiteElo "2398"]
[BlackElo "2723"]
[TimeControl "180+1"]
[EndTime "10:09:29 PDT"]
[Termination "jacky72 won on time"]

1. e4 e5 2. Nf3 Nc6 3. Bc4 Bc5 4. c3 Nf6 5. d4 exd4 6. cxd4 Bb4+ 7. Nc3 Nxe4 8. O-O Bxc3 9. bxc3 d5 10. Bb5 O-O 11. Bxc6 bxc6 12. Qb3 f6 13. Ba3 Re8 14. c4 Bg4 15.
cxd5 cxd5 16. Rfc1 Rb8 17. Qd3 Qd7 18. h3 Bf5 19.
Qa6 Bxh3 20. gxh3 Qxh3 21. Nh2 Nxf2 22. Qf1 Qxa3 23. Qxf2 Rb2 24. Qf3 Qxf3 25. Nxf3 Re3 26. Rf1 g5 27. Rae1 Rxe1 28. Rxe1 Kf7 29. Rc1 Rxa2 30.
Rxc7+ Kg6 31. Rd7 g4 32. Nh4+ Kg5 33. Rxh7 Kf4 34. Ng6+ Kg3 35. Kf1 Kf3 36. Nh4+ Ke4 37. Rg7 f5 38. Re7+ Kf4 39. Re5 g3 40. Nxf5 Ra1+ 41. Kg2 Ra2+ 42. Kg1 Kf3 43. Re3+ Kf4 44. Re5 g2 45. Nh4 Kg3 46. Nf5+ Kf3 47. Nh4+ Kg3 48. Nf5+ Kg4 49. Ne3+ Kh3 50. Rh5+ Kg3 51. Rg5+ Kf3 52. Nxg2 Ra1+ 53. Kh2 Ke4 54. Rg4+ Kd3 55. Rf4 a5 56.
Kg3 a4 57. Rf8 a3 58. Ra8 Kxd4 59. Kf2 Kc3 60. Ke3 d4+ 61. Ke2 Ra2+ 62. Kf3 d3 63. Ne3 d2 64. Nd1+ Kc2 65. Ne3+ Kc1 66. Rc8+ Kb1 67.
Rb8+ Rb2 68. Ra8 Rb3 69. Rd8 Kc1 70. Rc8+ Kb1 71. Rd8 Rb2 72. Ke2 a2 73. Ra8 a1=Q 74. Rxa1+ Kxa1 75. Nc4 d1=Q+ 76. Kxd1 Rh2 77. Nd2 Kb2 78.
Ke1 Kc3 79. Nf1 Ra2 80. Ng3 Kd3 81. Nf1 Rb2 82. Ng3 Ke3 83. Nf1+ Kd3 84. Ng3 Ra2 85. Nf1 Rg2 0-1

[Event "*** Titled Tuesday Blitz"]
[Site "Chess.com"]
[Date "2021.04.06"]
[Round "1"]
[White "if_name_main_a"]
[Black "Meri-Arabidze"]
[Result "0-1"]
[WhiteElo "2342"]
[BlackElo "2641"]
[TimeControl "180+1"]
[EndTime "10:09:32 PDT"]
[Termination "Meri-Arabidze won by checkmate"]

1. c4 e6 2. Nc3 d5 3. d4 Nf6 4. cxd5 exd5 5. Bg5 Nbd7 6. e3 c6 7. Bd3 Be7 8. Nge2 Nf8 9. O-O Ne6 10. Bh4 O-O 11. f3 b5 12. Bf2 Bd7 13. Rc1 a6 14. a4 Rc8 15. b3 g6 16. h3 b4 17. Na2 a5 18. Rb1 c5 19. dxc5 Nxc5 20. Bc2 Re8 21. Nac1 Bf8 22. Nd4 Bh6 23. Re1 Qb6 24.
Re2 Re7 25. Qe1 Rce8 26. Kh1 Qa6 27. Rb2 Ne6 28. Bd3 Qb6 29. Nb5 Qb8 30. g4 Bxb5 31.
Bxb5 Rc8 32. Kg2 d4 33. Nd3 dxe3 34. Bxe3 Bxe3 35. Rxe3 Rec7 36. Bc4 Nd4 37. Re5 Nc6 38. Rb5 Qa7 39. Rc5 Kg7 40. Qf2 Qb7 41. Re2 Rd8 42. Rb5 Qc8 43. Ne5 Nxe5 44. Rbxe5 Rcd7 45. Re7 Rxe7 46. Rxe7 Rd7 47. Qe3 Qc7 48. Rxd7 Qxd7 49. Qe5 h6 50. h4 Qd2+ 51. Kg3 g5 52. hxg5 hxg5 53. Qe7 Qf4+ 54. Kg2 Ng8 55. Qa7 Nh6 56. Qxa5 Qd2+ 57. Kg3 Qe1+ 58. Kg2 Qd2+ 59. Kh3 Qe3 60. Qd5 Qc1 61.
Kg2 Qb2+ 62. Kg3 Qc1 63. Kg2 Qb2+ 64. Kg3 Qc1 65. Kf2 Qb2+ 66. Be2 Qc3 67. a5 Qa1 68. Qxg5+ Kh7 69. Bd3+ f5 70. Bxf5+ Nxf5 71. Qxf5+ Kg7 72.
Kg3 Qg1+ 73. Kf4 Qc1+ 74. Ke4 Qc2+ 75. Kd5 Qxb3+ 76. Kc5 Qc3+ 77. Kb5 b3 78. a6 b2 79. a7 Qb3+ 80. Ka6 Qa2+ 81. Kb7 b1=Q+ 82. Qxb1 Qxb1+ 83. Ka8 Qd3 84. f4 Qe4+ 85. Kb8 Qxf4+ 86. Kc8 Qa4 87. Kb8 Qb5+ 88. Ka8 Qc6+ 89. Kb8 Qb6+ 90. Ka8 Qc7 91. g5 Qc8# 0-1

[Event "*** Titled Tuesday Blitz"]
[Site "Chess.com"]
[Date "2021.04.06"]
[Round "1"]
[White "ama18"]
[Black "Chopper1905"]
[Result "1-0"]
[WhiteElo "2498"]
[BlackElo "2941"]
[TimeControl "180+1"]
[EndTime "10:10:07 PDT"]
[Termination "ama18 won by checkmate"]

1. e4 c5 2. Nf3 Nc6 3. d4 cxd4 4. Nxd4 e6 5. Nc3 Qc7 6. g3 a6 7. Bg2 Nf6 8. O-O Bc5 9. Nb3 Ba7 10. Bf4 Ne5 11.
h3 d6 12. Qe2 b5 13. a4 b4 14.
Na2 Rb8 15. Rac1 O-O 16. Rfd1 h6 17. g4 a5 18. c3 bxc3 19. Rxc3 Qe7 20. Nxa5 Bd7 21.
b4 Bxa4 22. Rdc1 Bb5 23. Qd2 Bb6 24. Bxe5 dxe5 25. Nc6 Bxc6 26. Rxc6 Rfd8 27. Qe2 Qa7 28. R6c2 Qa3 29. Qf3 Qa7 30. b5 Bd4 31. Bf1 Qa5 32.
Kg2 Nh7 33. Qb3 Nf8 34. Qb4 Qa8 35. Qb3 Qxe4+ 36. Qf3 Qd5 37. Nb4 Qxf3+ 38. Kxf3 Ra8 39. Nc6 Rd7 40. Rd1 Ng6 41. Kg2 Nf4+ 42. Kh2 Ra3 43. b6 Rb3 44. Nxe5 Rd5 45. Nc6 Bxb6 46. Ne7+ Kh7 47. Nxd5 Nxd5 48. Bc4 Rb4 49. Bxd5 exd5 50. Rxd5 Rf4 51. Kg2 Bd4 52. Rd2 Bf6 53. Re2 Rb4 54. Rd7 Kg6 55. Kg3 Rb3+ 56. f3 h5 57. gxh5+ Kxh5 58. Rxf7 Bh4+ 59. Kg2 Bf6 60. Rd7 Rb5 61. Rd3 Rg5+ 62.
Kh1 Ra5 63. Re4 g5 64. Kg2 Be5 65. Rde3 Bf4 66. Re2 Ra3 67. Re8 Ra7 68. Rh8+ Kg6 69. Rg8+ Kf7 70. Rge8 Ra3 71. Rh8 Kg7 72. Rhe8 Kf7 73.
R8e4 Kg6 74. h4 Kf5 75. hxg5 Bxg5 76. Re5+ Kg6 77. R2e4 Ra2+ 78. Kg3 Ra1 79. Rg4 Kf6 80.
Rexg5 Rg1+ 81. Kf4 Ra1 82. Rf5+ Ke7 83. Rg6 Ra4+ 84.
Kg5 Ra1 85. Re5+ Kf7 86. Rf6+ Kg7 87. Kf5 Kg8 88. Re7 Ra5+ 89. Kg6 Ra8 90. Rg7+ Kh8 91. Rgf7 Kg8 92. Kg5 Ra5+ 93. Kg6 Ra8 94. f4 Rb8 95. f5 Ra8 96. Kg5 Kh8 97. Rh6+ Kg8 98. Rc7 Ra1 99. Rd6 Kh8 100. Rd8# 1-0

[Event "*** Titled Tuesday Blitz"]
[Site "Chess.com"]
[Date "2021.04.06"]
[Round "1"]
[White "seorobert1971"]
[Black "Rap_woyska"]
[Result "0-1"]
[WhiteElo "2760"]
[BlackElo "2432"]
[TimeControl "180+1"]
[EndTime "10:10:59 PDT"]
[Termination "Rap_woyska won by resignation"]

1. Nf3 Nf6 2. d4 d5 3. c4 c6 4. Nc3 a6 5. cxd5 cxd5 6. Bf4 Nc6 7. e3 Bf5 8. Be2 Rc8 9. O-O e6 10. Nh4 Be4 11. Nf3 Bg6 12. Nh4 Bd6 13. Bxd6 Qxd6 14.
Nxg6 hxg6 15. h3 O-O 16. Rc1 Rc7 17. Qb3 Rfc8 18. Rfd1 Nd7 19. Na4 Na5 20. Rxc7 Rxc7 21. Qd3 b5 22. Nc3 Nc4 23. b3 Nb2 24. Qd2 Nxd1 25.
Nxd1 Qa3 26. f3 Qc1 27. Qa5 Rc2 28. Kf1 Nf6 29. a4 Nh5 30. Qe1 Rd2 31. g4 Nf6 32.
axb5 axb5 33. Nf2 Qxe1+ 34. Kxe1 Rb2 35. Bxb5 Rxb3 36. Bd3 g5 37. Ke2 g6 38. Bc2 Ra3 39.
Nd3 Nd7 40. f4 gxf4 41. Nxf4 Nb6 42. h4 Nc4 43. Bd3 Ra2+ 44. Kf3 Rh2 45. Kg3 Rh1 46. Ng2 Rd1 47. Be2 Rh1 48. Bd3 Kg7 49. Be2 Kf6 50.
Bd3 Nd2 51. g5+ Ke7 52. Nf4 Nc4 53. Ng2 Ra1 54. Kf2 Ra2+ 55. Kf3 Kd6 56. Nf4 Nd2+ 57. Kg3 Ra3 58. Kf2 Nc4 59. Kf3 e5 60. dxe5+ Nxe5+ 61.
Ke2 Ra2+ 62. Kf1 Nf3 63. h5 gxh5 64. g6 fxg6 65. Bxg6 h4 66. Bh5 Nd2+ 67. Kg1 Nc4 68. Ng2 h3 69. Nf4 h2+ 70. Kh1 Nxe3 71. Bf3 d4 72. Nd3 Nf1 73. Bg2 Ng3+ 74. Kxh2 Nf5 75. Kg1 Ne3 76. Be4 Rd2 77. Kh1 Nc4 78. Kg1 Ne5 79.
Nf4 d3 80. Kf1 Rd1+ 81. Kf2 d2 82. Ke2 Re1+ 83. Kxd2 Rxe4 84. Ne2 Ra4 85. Nc3 Ra8 86.
Ne4+ Kd5 87. Nc3+ Kc4 88. Ne4 Ra2+ 89. Ke3 Rh2 90. Nd6+ Kd5 91. Nf5 Rh3+ 92. Kf4 Rf3+ 93. Kg5 Ra3 94. Ne7+ Ke4 95. Kf6 Nf3 96. Ke6 Ra6+ 97.
Kd7 Ne5+ 98. Kc7 Re6 99. Nc8 Kd5 100. Nb6+ Kc5 101. Nc8 Rc6+ 102. Kd8 Nf7+ 103. Kd7 Ne5+ 104. Kd8 Nc4 105. Ne7 Rd6+ 106. Kc7 Ne5 107. Nc8 Rd7+ 108. Kb8 Nc6+ 109. Ka8 Rc7 0-1

[Event "*** Titled Tuesday Blitz"]
[Site "Chess.com"]
[Date "2021.04.06"]
[Round "2"]
[White "Rodchenkov_Vitalij"]
[Black "thechesscorner64"]
[Result "0-1"]
[WhiteElo "2171"]
[BlackElo "2421"]
[TimeControl "180+1"]
[EndTime "10:12:52 PDT"]
[Termination "thechesscorner64 won by resignation"]

1. Nf3 d5 2. d4 Nf6 3. g3 c5 4.
c4 e6 5. cxd5 exd5 6. Bg2 Nc6 7.
O-O Be7 8. Nc3 O-O 9. Bf4 a6 10. a3 cxd4 11. Nxd4 Bg4 12. h3 Be6 13. b4 Qd7 14.
Kh2 Rfe8 15. Rc1 Rac8 16. Qb3 Nxd4 0-1

[Event "*** Titled Tuesday Blitz"]
[Site "Chess.com"]
[Date "2021.04.06"]
[Round "2"]
[White "Susik_Gaboyan"]
[Black "GMRafpig"]
[Result "0-1"]
[WhiteElo "2273"]
[BlackElo "2611"]
[TimeControl "180+1"]
[EndTime "10:13:03 PDT"]
[Termination "GMRafpig won by resignation"]

1. Nf3 Nf6 2. g3 d5 3. Bg2 c6 4. O-O Bf5 5. d3 e6 6. Nc3 h6 7. Nd4 Bh7 8. e4 Be7 9. e5 Nfd7 10. Qg4 Nxe5 11. Qh4 Bxh4 0-1

[Event "*** Titled Tuesday Blitz"]
[Site "Chess.com"]
[Date "2021.04.06"]
[Round "2"]
[White "mr_gustavo"]
[Black "C_K_G"]
[Result "1-0"]
[WhiteElo "2379"]
[BlackElo "2030"]
[TimeControl "180+1"]
[EndTime "10:13:14 PDT"]
[Termination "mr_gustavo won by resignation"]

1. e4 c5 2. Nf3 d6 3. d4 cxd4 4. Nxd4 Nf6 5. Nc3 a6 6. Bg5 e6 7. f4 Be7 8. Qf3 Qc7 9. O-O-O Nbd7 10. Bd3 b6 11. Rhe1 Bb7 12. Kb1 h6 13. Bh4 Nxe4 14. Bxe4 Bxe4 15. Qxe4 d5 16. Nxd5 Qb7 17. Nf6+ 1-0

[Event "*** Titled Tuesday Blitz"]
[Site "Chess.com"]
[Date "2021.04.06"]
[Round "2"]
[White "ahmad_alkhatib11"]
[Black "friesnielsen2302"]
[Result "0-1"]
[WhiteElo "2293"]
[BlackElo "2541"]
[TimeControl "180+1"]
[EndTime "10:13:38 PDT"]
[Termination "friesnielsen2302 won by resignation"]

1. Nf3 d6 2. d4 f5 3. Nc3 Nf6 4. Bg5 d5 5. Bxf6 exf6 6. e3 c6 7. Bd3 Bd6 8. O-O g6 9. Ne2 Be6 10. Rc1 b5 11. b3 Ba3 12. Rb1 Nd7 13. c4 bxc4 14. bxc4 dxc4 15. Bxc4 Bxc4 16. Qa4 Bxe2 0-1

[Event "*** Titled Tuesday Blitz"]
[Site "Chess.com"]
[Date "2021.04.06"]
[Round "2"]
[White "Eltaj_Safarli"]
[Black "english_player_89"]
[Result "1-0"]
[WhiteElo "2897"]
[BlackElo "2470"]
[TimeControl "180+1"]
[EndTime "10:13:45 PDT"]
[Termination "Eltaj_Safarli won by resignation"]

1. e4 e5 2. Nf3 Nc6 3. Nc3 Nf6 4. a3 Be7 5. d4 exd4 6. Nxd4 d6 7.
Bb5 Bd7 8. Bxc6 bxc6 9. Qf3 c5 10. Nf5 O-O 11. O-O Rb8 12. Nxe7+ Qxe7 13. Bg5 Bc6 14.
b3 Bxe4 15. Bxf6 1-0

[Event "*** Titled Tuesday Blitz"]
[Site "Chess.com"]
[Date "2021.04.06"]
[Round "2"]
[White "StockholmMissile"]
[Black "MITerryble"]
[Result "1/2-1/2"]
[WhiteElo "2568"]
[BlackElo "2899"]
[TimeControl "180+1"]
[EndTime "10:13:47 PDT"]
[Termination "Game drawn by agreement"]

1. d4 e6 2. c4 Bb4+ 3. Bd2 Qe7 4.
Nf3 Nf6 5. g3 Nc6 6. Nc3 O-O 7.
Bg2 Bxc3 8. Bxc3 Ne4 9. Rc1 d6 10. d5 Nb8 11. dxe6 fxe6 12. O-O Nd7 13. b4 Nxc3 14.
Rxc3 a5 15. a3 axb4 16. axb4 Nf6 17. c5 Nd5 18. Rc4 1/2-1/2

[Event "*** Titled Tuesday Blitz"]
[Site "Chess.com"]
[Date "2021.04.06"]
[Round "2"]
[White "andrewtnb"]
[Black "gisela_roque"]
[Result "1-0"]
[WhiteElo "2359"]
[BlackElo "1755"]
[TimeControl "180+1"]
[EndTime "10:13:50 PDT"]
[Termination "andrewtnb won by resignation"]

1. d4 e6 2. c4 Nf6 3. Nc3 Bb4 4.
e3 c5 5. Ne2 O-O 6. a3 Ba5 7.
dxc5 Bc7 8. b4 Nc6 9. Bb2 a5 10. b5 Ne5 11. Nf4 Qe7 12. a4 Qxc5 13. Ba3 Qb6 14.
c5 Qa7 15. b6 Bxb6 16. Nb5 Qb8 17. cxb6 Rd8 18. Bd6 1-0

[Event "*** Titled Tuesday Blitz"]
[Site "Chess.com"]
[Date "2021.04.06"]
[Round "2"]
[White "Alexander_Moskalenko"]
[Black "Flopezin"]
[Result "1-0"]
[WhiteElo "2735"]
[BlackElo "2339"]
[TimeControl "180+1"]
[EndTime "10:13:56 PDT"]
[Termination "Alexander_Moskalenko won by resignation"]

1. e4 e5 2. Nf3 Nc6 3. Nc3 Nf6 4. a3 a6 5. h3 Bc5 6. Nxe5 Nxe5 7. d4 Qe7 8. dxc5 Qxc5 9. Be3 Qe7 10. f4 Nc6 11.
Bd3 d6 12. Qf3 Bd7 13. g4 O-O-O 14. g5 Ne8 15. Nd5 Qf8 16. O-O-O f5 17. Rhe1 h6 18. h4 hxg5 19. hxg5 fxe4 20. Bxe4 Rh3 21. Qg2 Ne7 22. Nxe7+ Qxe7 23. Bxb7+ Kb8 24. Ba7+ 1-0

[Event "*** Titled Tuesday Blitz"]
[Site "Chess.com"]
[Date "2021.04.06"]
[Round "2"]
[White "rugbyclub"]
[Black "shnitez"]
[Result "0-1"]
[WhiteElo "2257"]
[BlackElo "2479"]
[TimeControl "180+1"]
[EndTime "10:13:59 PDT"]
[Termination "shnitez won by resignation"]

1. e4 c5 2. Nc3 Nc6 3. Bb5 Nd4 4. Nf3 a6 5. Bd3 g6 6. Nxd4 cxd4 7. Ne2 Bg7 8. O-O d6 9. c3 dxc3 10. dxc3 Nf6 11.
Be3 Ng4 12. Bg5 h6 13. Bh4 g5 14. Bg3 h5 15. h3 h4 16. hxg4 hxg3 17. Nxg3 Be5 18. Re1 Bxg3 19. fxg3 Qb6+ 20. Kf1 Rh1+ 21. Ke2 Bxg4+ 0-1